 Dungeon Crawl Stone Soup version 0.31-a0-263-ge8cad7f256 (webtiles) character file.

Game seed: 12156626945282845313

1276 dolemite99 the Ruffian (level 8, -1/56 HPs)
             Began as a Demonspawn Shapeshifter on July 14, 2023.
             Was a Follower of Wu Jian.
             Engulfed by a steam dragon's steam (4 damage)
             ... on level 6 of the Dungeon.
             The game lasted 00:07:56 (6906 turns).

dolemite99 the Ruffian (Demonspawn Shapeshifter)    Turns: 6906, Time: 00:07:57

Health: -1/56      AC:  8    Str: 19    XL:     8   Next: 28%
Magic:  8/8        EV: 11    Int:  9    God:    Wu Jian [*.....]
Gold:   109        SH:  0    Dex: 13    Spells: 7/7 levels left

rFire   . .          .
                       - Unarmed
rCold   . . .        (no shield)
rNeg    + . .        s - +1 ring mail
rPois   +            (helmet currently unavailable)
rElec   .            (cloak currently unavailable)
rCorr   .            (gloves currently unavailable)
SInv    .            (boots currently unavailable)
Will    .....        (no amulet)
Stlth   +            E - ring of poison resistance
HPRegen 0.29/turn    C - ring of positive energy
MPRegen 0.22/turn

%: no passive effects
@: beast-form
A: beast (slay +3), antennae 1, molten scales 1, ignite blood 1, magic
regeneration
a: Begin Untransformation, Renounce Religion


You were on level 6 of the Dungeon.
You worshipped Wu Jian.
Wu Jian was aware of your devotion.
You were a hulking beast.
You visited 2 branches of the dungeon, and saw 7 of its levels.

You collected 361 gold pieces.
You spent 252 gold pieces at shops.

Inventory:

Hand Weapons
 m - a +1 vampiric dagger
 p - a +1 heavy dagger
 G - a +0 shortbow
Missiles
 w - 4 boomerangs
 A - 10 poisoned darts
Armour
 a - a +0 animal skin
 e - a +2 pair of boots of rampaging
 n - the +2 robe of Masochism {+Blink Int+3}
   (You took it off a kobold on level 2 of the Dungeon)

   Int:       It affects your intelligence (+3).
   +Blink:    It lets you blink.
 s - a +1 ring mail (worn)
 u - a +0 cloak
 y - an orb of energy
Jewellery
 h - a ring of magical power
 o - the ring of Darkness {Fire rElec MP+9}
   (You acquired it on level 5 of the Dungeon)

   [ring of fire]

   It enhances your fire magic.
   rF:        It protects you from fire.
   rC:        It makes you vulnerable to cold.
   rElec:     It insulates you from electricity.
   MP:        It affects your magic capacity (+9).
 C - a ring of positive energy (right hand)
 E - a ring of poison resistance (left hand)
Talismans
 c - a beast talisman
Wands
 x - a wand of light (4)
 H - a wand of paralysis (12)
Scrolls
 b - a scroll of vulnerability
 f - 2 scrolls of blinking
 j - 3 scrolls of enchant weapon
 k - 4 scrolls of teleportation
 q - a scroll of enchant armour
 z - a scroll of fear {unknown}
 B - a scroll of torment {unknown}
Potions
 d - a potion of mutation {unknown}
 g - a potion of invisibility {unknown}
 i - 3 potions of curing
 l - 2 potions of attraction
 r - a potion of might {unknown}
 t - 3 potions of ambrosia {unknown}
 D - a potion of haste {unknown}


   Skills:
 - Level 2.0 Fighting
 - Level 1.7 Dodging
 + Level 7.4 Unarmed Combat
 + Level 5.5 Shapeshifting


You had 7 spell levels left.
You didn't know any spells.
Your spell library contained the following spells:

 Spells                   Type           Power      Damage    Failure   Level
 Sublimation of Blood     Necr           0%         N/A       71%         2
 Wereblood                Tmut           0%         N/A       71%         2
 Summon Hydra             Summ           0%         N/A       100%        7


Dungeon Overview and Level Annotations

Branches:
Dungeon (6/15)             Temple (1/1) D:4

Altars:
Kikubaaqudgha
Makhleb
Okawaru
Qazlal
Vehumet
Wu Jian

Shops:
D:5 *

Annotations:
D:6 Blork the orc


Innate Abilities, Weirdness & Mutations

You are a hulking beast.
Your limbs bulge with bestial killing power. (Slay +3)
You have a pair of small antennae on your head.
You are partially covered in molten scales. (AC +2)
Your demonic aura sometimes causes spilled blood to erupt in flames.
You regenerate magic rapidly.


Message History

The adder is engulfed in blazing flames.
You kill the adder!
The Council accepts your kill.
You see here an adder corpse.
You start resting.
A steam dragon is nearby!
The steam dragon hisses angrily.
You see here an adder corpse.
The steam dragon breathes steam at you. The ball of steam hits you!
The steam dragon breathes steam at you. The ball of steam hits you!
You closely miss the steam dragon.
You are engulfed in a cloud of scalding steam.
The steam dragon misses you.
The steam dragon claws you but does no damage.
Aiming: Bolt of Light
Press: ? - help, Shift-Dir - straight line, f - steam dragon
Aim: a steam dragon (71% to hit)
The bolt of light hits the steam dragon!
The steam dragon is moderately wounded.
The steam dragon is blinded.
You are engulfed in a cloud of scalding steam.
The steam dragon breathes steam at you. The ball of steam hits you!!
* * * LOW HITPOINT WARNING * * *
Aiming: Bolt of Light
Press: ? - help, Shift-Dir - straight line, f/p - steam dragon
Aim: a steam dragon (moderately wounded, blind, catching its breath, 71% to hit)
The bolt of light misses the steam dragon.
You are engulfed in a cloud of scalding steam.
* * * LOW HITPOINT WARNING * * *
The steam dragon barely misses you. The steam dragon completely misses you.
Aiming: Bolt of Light
Press: ? - help, Shift-Dir - straight line, f/p - steam dragon
Aim: a steam dragon (moderately wounded, blind, catching its breath, 71% to hit)
The bolt of light hits the steam dragon.
The steam dragon is heavily wounded.
You are engulfed in a cloud of scalding steam.
You die...

.◑...........#
...§.......).#
...§..§......#
...§§.§).....#
..§§§§§......#
.............#
.............#
.....[.......#
.......h...†.#
......§.D....#
....§....#####
.........#
..<......#
.$.......#
.........#
.........#
....f...#


You could see a steam dragon (blind, catching breath).

Vanquished Creatures
  An ice beast (D:6)
  2 centaurs
  2 phantoms
  4 scorpions
  3 hounds
  A jelly (D:6)
  5 orc priests
  An iguana (D:5)
  A sleepcap (D:6)
  Natasha (thrice) (D:3)
  An orc wizard (D:3)
  Robin (D:3)
  8 adders
  A shadow imp (D:5)
  2 worms
  2 dart slugs
  16 orcs
  6 ball pythons
  5 endoplasms
  2 giant cockroaches (D:2)
  16 goblins
  7 hobgoblins
  4 jackals (D:1)
  9 kobolds
  4 quokkas
  8 bats
  3 frilled lizards (D:1)
  3 rats
121 creatures vanquished.

Notes
Turn   | Place    | Note
-------+----------+-------------------------------------------
     0 | D:1      | dolemite99 the Demonspawn Shapeshifter began the quest for
                  | the Orb.
     0 | D:1      | Reached XP level 1. HP: 16/16 MP: 1/1
    50 | D:1      | Reached skill level 2 in Unarmed Combat
   381 | D:1      | Gained mutation: You are partially covered in molten
                  | scales. (AC +2) [demonic ancestry]
   381 | D:1      | Reached XP level 2. HP: 7/22 MP: 2/2
  1238 | D:1      | Reached XP level 3. HP: 24/27 MP: 3/3
  1363 | D:2      | Found a radiant altar of Vehumet.
  1420 | D:2      | Reached skill level 3 in Unarmed Combat
  2075 | D:2      | Identified the +2 robe of Masochism {+Blink Int+3}
  2289 | D:2      | Gained mutation: You regenerate magic rapidly. [demonic
                  | ancestry]
  2289 | D:2      | Reached XP level 4. HP: 32/33 MP: 4/4
  2782 | D:3      | Noticed Robin
  2791 | D:3      | Found an iron altar of Okawaru.
  3054 | D:2      | Reached skill level 4 in Unarmed Combat
  3054 | D:2      | Reached XP level 5. HP: 22/38 MP: 5/5
  3573 | D:3      | Killed Robin
  3622 | D:3      | Noticed Natasha
  3636 | D:3      | Killed Natasha
  3775 | D:3      | Noticed Natasha
  3781 | D:3      | Killed Natasha
  3782 | D:3      | Gained mutation: You have a pair of small antennae on your
                  | head. [demonic ancestry]
  3782 | D:3      | Reached XP level 6. HP: 44/44 MP: 6/6
  3799 | D:3      | Noticed Natasha
  3803 | D:3      | Killed Natasha
  3899 | D:4      | Reached skill level 5 in Unarmed Combat
  4130 | D:4      | Found a staircase to the Ecumenical Temple.
  4617 | Temple   | Entered the Ecumenical Temple
  4746 | Temple   | Became a worshipper of the Wu Jian Council
  4897 | D:4      | Reached XP level 7. HP: 46/50 MP: 7/7
  5190 | D:4      | Reached skill level 6 in Unarmed Combat
  5429 | D:5      | Entered Level 5 of the Dungeon
  5430 | D:5      | Found Zodemiho's Assorted Antiques.
  5436 | D:5      | Bought a scroll of teleportation for 96 gold pieces
  5436 | D:5      | Bought a potion of curing for 96 gold pieces
  5436 | D:5      | Bought a scroll labelled SUROEF JUZEL for 32 gold pieces
  5436 | D:5      | Bought a brown potion for 28 gold pieces
  5540 | D:5      | Identified 2 scrolls of acquirement
  5540 | D:5      | Acquired a +2 pair of boots of rampaging
  5543 | D:5      | Acquired the ring of Darkness {Fire rElec MP+9}
  6039 | D:5      | Reached * piety under Wu Jian
  6230 | D:6      | Noticed a steam dragon
  6262 | D:6      | Reached skill level 5 in Shapeshifting
  6273 | D:6      | Gained mutation: Your demonic aura sometimes causes spilled
                  | blood to erupt in flames. [demonic ancestry]
  6273 | D:6      | Reached XP level 8. HP: 42/56 MP: 8/8
  6405 | D:6      | Reached skill level 7 in Unarmed Combat
  6791 | D:6      | Noticed Blork the orc
  6906 | D:6      | Engulfed by a steam dragon's steam

Illustrated notes

Levels and vault maps discovered:
D:1:      dpeg_chamrin_arrival_tetris, layout_basic
D:2:      layout_loops_ring, basic_altar, minmay_small_reverse_x
D:3:      layout_rooms, lemuel_tele_altar, uniq_robin, uniq_natasha
D:4:      layout_loops_ring, minmay_temple_entry_waves, due_unseen_surprise
D:5:      layout_rooms, serial_shops, shop
D:6:      layout_basic, lemuel_doored_altar, uniq_blork_the_orc
Temple:   nicolae_temple_two_arcs

Skill      XL: |  1  2  3  4  5  6  7  8 |
---------------+-------------------------+-----
Unarmed Combat | 2 3 4 5 6 7 |  7.4
Shapeshifting  | 3 4 5 |  5.5
Fighting       | |  2.0
Dodging        | |  1.7

Action                     |  1- 3 |  4- 6 |  7- 9 || total
---------------------------+-------+-------+-------++-------
  Melee: Unarmed           |   159 |   203 |   120 ||   482
         Punch             |     1 |     6 |     9 ||    16
Ability: Lunge             |       |     2 |     8 ||    10
         Whirlwind         |       |       |     2 ||     2
  Evoke: Wand              |       |       |     6 ||     6
    Use: Scroll            |       |     5 |    11 ||    16
         Potion            |       |     1 |     1 ||     2
   Stab: Sleeping          |     2 |       |       ||     2
 Armour: Animal skin       |    36 |       |       ||    36
         Robe              |    13 |     7 |       ||    20
         Ring mail         |       |    89 |    49 ||   138
         Skin              |       |    19 |       ||    19
  Dodge: Dodged            |    98 |   132 |    72 ||   302

Table legend: (Time is in decaauts)
 A = Elapsed time spent in this place.
 B = Non-inter-level travel time spent in this place.
 C = Inter-level travel time spent in this place.
 D = Time resting spent in this place.
 E = Time spent auto-exploring this place.
 F = Levels seen in this place.
 G = Mean time per level.
                   A        B        C        D        E       F      G
               +--------+--------+--------+--------+--------+-----+--------+
         Total |   6869 |   6730 |    139 |   3234 |   2222 |   7 |  981.3 |
       Dungeon |   6730 |   6607 |    123 |   3234 |   2114 |   6 | 1121.7 |
        Temple |    139 |    123 |     16 |      0 |    108 |   1 |  139.0 |
               +--------+--------+--------+--------+--------+-----+--------+

Top non-repeatable levels by time:
     D:2: 1831 daAuts
     D:1: 1358 daAuts
     D:4: 1256 daAuts
     D:3: 819 daAuts
     D:5: 801 daAuts
     D:6: 663 daAuts
  Temple: 139 daAuts
